 Dungeon Crawl Stone Soup version 0.19.1-1-g22dce08 (console) character file.

2763 sose the Ruffian (level 9, -3/85 HPs)
             Began as a Troll Monk on Dec 30, 2016.
             Was an Elder of Cheibriados.
             Slain by a hill giant
             ... wielding a cursed -2 giant club
              (41 damage)
             ... on level 7 of the Dungeon.
             The game lasted 00:16:59 (5257 turns).

sose the Ruffian (Troll Monk)                       Turns: 5257, Time: 00:17:01

Health: -3/85      AC:  6    Str: 30    XL:     9   Next: 42%
Magic:  3/11       EV: 13    Int: 18    God:    Cheibriados [****..]
Gold:   461        SH:  0    Dex: 21    Spells: 2 memorised, 8 levels left

rFire  . . .     SeeInvis .       - Unarmed
rCold  . . .     Gourm    +     a - +0 robe
rNeg   . . .     Faith    +     (no shield)
rPois  +         Spirit   .     (helmet restricted)
rElec  .         Reflect  .     F - +0 cloak {+Inv}
rCorr  .         Harm     .     (gloves unavailable)
MR     .....                    (boots unavailable)
Stlth  ++........               w - amulet of faith
                                s - ring of wizardry
                                c - ring of poison resistance

@: very slow
A: unfitting armour, claws 3, fast metabolism 3, gourmand, regeneration 1,
shaggy fur 1, tough skin 2
a: Bend Time, Temporal Distortion, Slouch, Renounce Religion, Evoke Invisibility


You were on level 7 of the Dungeon.
You worshipped Cheibriados.
Cheibriados was greatly pleased with you.
You were very full.

You visited 2 branches of the dungeon, and saw 8 of its levels.
You also visited: Sewer.

You collected 461 gold pieces.

Inventory:

Hand Weapons
 h - a cursed -1 dagger
Missiles
 q - 132 stones (quivered)
 E - 19 poisoned needles
Armour
 a - a +0 robe (worn)
 F - a +0 cloak of invisibility (worn)
Magical Staves
 D - an uncursed staff of fire
Jewellery
 c - a ring of poison resistance (left claw)
 g - an uncursed amulet of harm {unknown}
 s - a ring of wizardry (right claw)
 w - an amulet of faith (around neck)
 y - an uncursed ring of protection from fire
 C - an uncursed amulet of regeneration {unknown}
 G - a +6 ring of evasion {unknown}
Wands
 i - a wand of slowing (31/48)
 j - a wand of digging (13/24)
 z - a wand of disintegration (12/24)
Scrolls
 m - a scroll of enchant weapon {unknown}
 n - 3 scrolls of teleportation
 p - a scroll of blinking {unknown}
 t - a scroll of enchant armour {unknown}
 u - 2 scrolls of remove curse {unknown}
 A - a scroll of fog {unknown}
 H - 2 scrolls of recharging {unknown}
 I - a scroll of fear {unknown}
Potions
 d - a potion of curing {unknown}
 e - 2 potions of lignification {unknown}
 f - 4 potions of flight
 r - 2 potions of ambrosia
 v - a potion of cancellation {unknown}
 B - a potion of invisibility
Books
 x - a book of Minor Magic

   Spells                             Type                      Level
   a - Magic Dart                     Conjuration                  1
   b - Blink                          Translocation                2
   c - Call Imp                       Summoning                    2
   d - Repel Missiles                 Charms/Air                   2
   e - Slow                           Hexes                        2
   f - Conjure Flame                  Conjuration/Fire             3
   g - Mephitic Cloud                 Conjuration/Poison/Air       3
Comestibles
 b - 3 bread rations
 k - 4 meat rations
 l - 2 beef jerkies
 o - 8 fruits


   Skills:
 + Level 4.7 Fighting
 + Level 4.9 Dodging
 - Level 1.0 Stealth
 + Level 7.8 Unarmed Combat
 + Level 2.2 Spellcasting
 + Level 2.0 Charms
 - Level 2.3 Translocations
 + Level 1.8 Air Magic
 + Level 3.5 Invocations


You had 8 spell levels left.
You knew the following spells:

 Your Spells              Type           Power        Failure   Level  Hunger
a - Blink                 Tloc           N/A          4%          2    ##.....
b - Repel Missiles        Chrm/Air       #.....       4%          2    ##.....


Dungeon Overview and Level Annotations

Branches:
Dungeon (7/15)             Temple (1/1) D:7

Altars:
Cheibriados
Dithmenos
Kikubaaqudgha
Nemelex Xobeh
Qazlal
Ru
Sif Muna
Trog
Uskayaw


Innate Abilities, Weirdness & Mutations

You are too large for most types of armour.
You have claws for hands.
Your metabolism is lightning-fast.
You like to eat raw meat.
Your natural rate of healing is unusually fast.
You are covered in fur. (AC +1)
You have very tough skin. (AC +2)


Message History

An orc comes into view.
You can feel time thicken for a moment.
You kill the orc!
Cheibriados appreciates the change of pace.
You feel somewhat less full.
Cheibriados lowers the support of your attributes as your movement quickens.
The hill giant completely misses you.
A centaur zombie comes into view.
The hill giant closely misses you.
There is an open door here.
The hill giant closely misses you. The hill giant closely misses you.
The hill giant hits you with a giant club!
The hill giant closely misses you.
Casting: Blink
Confirm with . or Enter, or press ? or * to list all spells.
You blink.
The cyclops completely misses the freed slave.
The hill giant hits you with a giant club!!!
You die...

.###.###..##. #......#......#
.#§...≈#..#... #...##C#......###
.#.....#..#....##.Cp##.###.......
...._.....#..........#...'.......
##.....#..##...##....#...#.......
#§...§#...#...##....#...#.......
###.###...#...##...######.......
.........#...##C..## ..#......#
..........#....@....#...########
...........#...##....#......
######.....#...##....'......
#.....#....'....#......
#.....#...##...####.##.
#.....#.p.##...### #
#.....#..........#
#.....)..........#
#.....#....p.....#


You could see a hill giant, a cyclops and a neutral freed slave (wandering).

Vanquished Creatures
  The ghost of Exporg the Slasher, a novice MiBe of Trog (D:6)
  Pikel (D:7)
  A yak (D:7)
  A water moccasin (D:7)
  An orc warrior (D:6)
  3 ogres
  A phantom (D:5)
  3 bullfrogs
  A howler monkey (D:5)
  A centaur zombie (D:5)
  5 crimson imps
  A jelly (D:5)
  2 orc priests (D:7)
  A bullfrog skeleton (D:5)
  Crazy Yiuf (D:6)
  2 hounds
  2 iguanas
  3 orc wizards
  4 worker ants
  A worker ant zombie (D:5)
  6 gnolls
  10 adders
  2 shadow imps
  9 oozes
  An adder zombie (D:5)
  3 worms
  A dart slug (D:1)
  16 leopard geckos
  12 orcs
  10 giant cockroaches
  7 goblins
  5 hobgoblins
  3 quokkas
  10 ball pythons
  3 bats
  11 frilled lizards
  A jackal skeleton (D:4)
  7 kobolds
  8 rats
161 creatures vanquished.

Notes
Turn   | Place    | Note
-------+----------+-------------------------------------------
     0 | D:1      | sose the Troll Monk began the quest for the Orb.
     0 | D:1      | Reached XP level 1. HP: 22/22 MP: 0/0
   333 | D:1      | Reached XP level 2. HP: 26/29 MP: 1/1
   628 | D:2      | Reached skill level 4 in Unarmed Combat
   656 | D:2      | Reached XP level 3. HP: 35/36 MP: 2/2
   786 | D:2      | Reached skill level 5 in Unarmed Combat
   786 | D:2      | Reached XP level 4. HP: 34/44 MP: 3/3
  1459 | D:3      | Reached XP level 5. HP: 50/50 MP: 4/4
  1875 | D:3      | Found a sparkling altar of Nemelex Xobeh.
  1900 | D:3      | Found a snail-covered altar of Cheibriados.
  1906 | D:3      | Found a bloodstained altar of Trog.
  1906 | D:3      | Found an ancient bone altar of Kikubaaqudgha.
  1926 | D:3      | Became a worshipper of Cheibriados the Contemplative
  1926 | D:3      | Reached * piety under Cheibriados
  1926 | D:3      | Reached ** piety under Cheibriados
  2123 | D:4      | Reached skill level 6 in Unarmed Combat
  2223 | D:4      | Found a glowing drain.
  2236 | Sewer    | Entered a sewer
  2285 | Sewer    | Reached XP level 6. HP: 59/59 MP: 5/5
  2357 | Sewer    | Reached *** piety under Cheibriados
  2624 | D:4      | Reached **** piety under Cheibriados
  2713 | D:4      | Reached XP level 7. HP: 67/67 MP: 6/6
  3024 | D:4      | Learned a level 2 spell: Blink
  3027 | D:4      | Learned a level 2 spell: Repel Missiles
  3103 | D:5      | Entered Level 5 of the Dungeon
  3315 | D:5      | Found a shadowy altar of Dithmenos.
  3537 | D:5      | Reached skill level 1 in Invocations
  4011 | D:5      | Reached skill level 1 in Translocations
  4062 | D:6      | Found a runed door.
  4088 | D:6      | Reached skill level 7 in Unarmed Combat
  4088 | D:6      | Reached skill level 1 in Spellcasting
  4149 | D:6      | Reached XP level 8. HP: 64/78 MP: 8/8
  4230 | D:6      | Noticed Exporg's ghost (novice MiBe)
  4501 | D:6      | Found a snail-covered altar of Cheibriados.
  4566 | D:6      | Killed Exporg's ghost
  4566 | D:6      | Reached skill level 1 in Charms
  4566 | D:6      | Reached skill level 1 in Air Magic
  4906 | D:6      | Noticed Crazy Yiuf
  4911 | D:6      | Killed Crazy Yiuf
  4939 | D:7      | Found a staircase to the Ecumenical Temple.
  4944 | Temple   | Entered the Ecumenical Temple
  4961 | D:7      | Reached XP level 9. HP: 79/85 MP: 10/10
  5125 | D:7      | Found a sacrificial altar of Ru.
  5144 | D:7      | Found a stormy altar of Qazlal.
  5172 | D:7      | Noticed Pikel
  5183 | D:7      | Killed Pikel
  5183 | D:7      | Reached ***** piety under Cheibriados
  5227 | D:7      | Noticed a hill giant
  5240 | D:7      | Noticed a cyclops
  5257 | D:7      | Slain by a hill giant

Skill      XL: |  1  2  3  4  5  6  7  8  9 |
---------------+----------------------------+-----
Unarmed Combat | 4 5 6 7 |  7.8
Fighting       | 3 4 |  4.7
Dodging        | 3 4 |  4.9
Invocations    | 2 3 |  3.5
Translocations | 1 2 |  2.3
Spellcasting   | 1 2 |  2.2
Charms         | 1 2 |  2.0
Air Magic      | 1 |  1.8
Stealth        | |  1.0

Action                   |  1- 3 |  4- 6 |  7- 9 || total
-------------------------+-------+-------+-------++-------
Melee: Unarmed           |    58 |   206 |   165 ||   429
       Punch             |     2 |     4 |    16 ||    22
 Cast: Blink             |       |       |     4 ||     4
Invok: Slouch            |       |       |     3 ||     3
  Use: Potion            |       |     2 |       ||     2
       Scroll            |       |       |     5 ||     5
 Stab: Sleeping          |     2 |     5 |     6 ||    13
       Distracted        |       |     1 |     1 ||     2
  Eat: Chunk             |    12 |    16 |    17 ||    45
Armor: Robe              |    13 |    63 |    15 ||    91
Dodge: Dodged            |    23 |   124 |    82 ||   229
